 Dungeon Crawl Stone Soup version 0.30.1-11-g7821555f0a (webtiles) character file.

Game seed: 63999158505541831

7903 Barill the Poker (level 11, -2/107 HPs)
             Began as a Troll Berserker on Nov 19, 2023.
             Was a High Priest of Trog.
             Slain by a sphinx (24 damage)
             ... summoned by Kirke
             ... on level 12 of the Dungeon.
             The game lasted 01:23:42 (5463 turns).

Barill the Poker (Troll Berserker)                  Turns: 5463, Time: 01:23:42

Health: -2/107     AC:  0    Str: 31    XL:     11   Next: 2%
Magic:  8/8        EV: 16    Int:  3    God:    Trog [*****.]
Gold:   570        SH:  0    Dex:  9    Spells: 10/10 levels left

rFire   . . .        e - melded +1 glaive (protect)
rCold   . . .        (shield currently unavailable)
rNeg    . . .        v - melded +0 steam dragon scales
rPois   .            (helmet currently unavailable)
rElec   .            (cloak currently unavailable)
rCorr   .            (gloves unavailable)
SInv    .            (boots unavailable)
Will    .....        p - amulet of regeneration
Stlth   ++           d - melded +5 ring of evasion
HPRegen 1.97/turn    D - melded +5 ring of evasion
MPRegen 0.11/turn

%: no passive effects
@: pig-form, slowed
A: fast, no casting, small, unfitting armour, (claws 3), regeneration 1, (shaggy
fur 1), (tough skin 1), low MP 1, subdued magic 1
a: Renounce Religion, Berserk, Trog's Hand, Brothers in Arms


You were on level 12 of the Dungeon.
You worshipped Trog.
Trog was extremely pleased with you.
You were a filthy swine.
You visited 2 branches of the dungeon, and saw 13 of its levels.
You also visited: Bailey.

You collected 603 gold pieces.
You spent 33 gold pieces at shops.

Inventory:

Hand Weapons
 e - a +1 glaive of protection (melded)
 A - the +7 whip of Geloem {freeze, rF+ Str+4 Dex-5}
   (You found it on level 7 of the Dungeon)

   Str:       It affects your strength (+4).
   Dex:       It affects your dexterity (-5).
   rF:        It protects you from fire.
Missiles
 c - 23 javelins
Armour
 v - +0 steam dragon scales (melded)
Jewellery
 d - a +5 ring of evasion (melded)
 k - a ring of flight
 p - an amulet of regeneration (around neck)
 D - a +5 ring of evasion (melded)
Scrolls
 a - 3 scrolls of identify {unknown}
 f - a scroll of amnesia {unknown}
 h - 3 scrolls of enchant weapon {unknown}
 j - a scroll of teleportation {unknown}
Potions
 b - 5 potions of curing
 g - a potion of magic {unknown}
 i - a potion of ambrosia
 l - a potion of flight {unknown}
 o - a potion of invisibility {unknown}
 q - a potion of haste {unknown}
 t - 2 potions of cancellation {unknown}
 u - 2 potions of lignification {unknown}
 z - 2 potions of brilliance {unknown}


   Skills:
 * Level 6.4 Fighting
 - Level 0.8(5.9) Axes
 - Level 5.8(5.9) Maces & Flails
 * Level 7.5(7.6) Polearms
 + Level 3.7 Armour
 + Level 7.2 Dodging
 + Level 1.9 Stealth
 - Level 3.7 Unarmed Combat
 - Level 1.9 Evocations


You had 10 spell levels left.
You didn't know any spells.
Your spell library contained the following spells:

 Spells                   Type           Power      Damage    Failure   Level
 Sting                    Tmut/Pois      0%         1d3       47%         1
 Poisonous Vapours        Pois/Air       0%         N/A       63%         2
 Inner Flame              Hex/Fire       0%         N/A       86%         3
 Stone Arrow              Conj/Erth      0%         3d7       86%         3
 Animate Armour           Summ/Erth      0%         N/A       99%         4
 Manifold Assault         Tloc           0%         N/A       99%         4
 Olgreb's Toxic Radiance  Pois           0%         N/A       99%         4
 Yara's Violent Unravell  Hex/Tmut       0%         3d3       100%        5
 Dispersal                Tloc           0%         N/A       100%        6
 Enfeeble                 Hex            0%         N/A       100%        7
 Disjunction              Tloc           0%         N/A       100%        8
 Lehudib's Crystal Spear  Conj/Erth      0%         10d2      100%        8


Dungeon Overview and Level Annotations

Branches:
Dungeon (12/15)            Temple (1/1) D:6          Bailey (visited)
   Lair: D:8-11         Orc: D:9-12

Altars:
Dithmenos
Gozag
Hepliaklqana
Okawaru
Qazlal
Ru
Trog
Uskayaw
Vehumet
Wu Jian
Xom
Yredelemnul
The Shining One

Shops:
D:2 *   D:6 (

Annotations:
D:12 Kirke


Innate Abilities, Weirdness & Mutations

You are a filthy swine.
You move quickly.
Your equipment is almost entirely melded.
You are incapable of wielding weapons or throwing items.
You cannot cast spells.
You are too large for most types of armour.
((You have claws for hands.))
Your natural rate of healing is unusually fast.
((You are covered in fur. (AC +1)))
((You have tough skin. (AC +1)))
Your magical capacity is low. (-10% MP)
Your spells are a little easier to cast, but a little less powerful.


Message History

You barely miss Kirke.
Kirke is severely wounded.
Kirke points at you and mumbles some strange words.
You feel yourself slow down.
You hit Kirke.
Kirke is severely wounded.
Kirke points at you and mumbles some strange words.
You feel as though you will be slow longer.
You hit Kirke.
Kirke is severely wounded.
Kirke hits you.
You bite Kirke!
Kirke is severely wounded.
Kirke casts a spell.
Kirke flickers and vanishes!
Deactivating autopickup; reactivate with Ctrl-A.
You barely miss something.
You hear some strange, mumbled words.
You feel a momentary urge to oink.
You hit something. Something hits you!! Something hits you!
You barely miss something. Something closely misses you.
You closely miss something. Something barely misses you.
You bite something!
You hear some strange, mumbled words.
Something summons a sphinx!
You miss something. Something hits you!
The sphinx mumbles some strange words.
Something smites you!
You hit something. Something barely misses you. The sphinx hits you.
The sphinx hits you! x2; Something hits you!
* * * LOW HITPOINT WARNING * * *
You closely miss something. The sphinx completely misses you.
The sphinx hits you.
* * * LOW HITPOINT WARNING * * *
The sphinx hits you.
* * * LOW HITPOINT WARNING * * *
You hear some strange, mumbled words.
You feel as though you will be slow longer.
The sphinx hits you!!
You die...

#........##....##+##.#
#......(.'.....##....###.#
#........#####.##.##.....#
#........# <... #.###.#
#........#####.##.##.###.#
#########...##.##.##.....#
#.... #.h.##.##....#####
#.....###.hh##H##.##.#######
+.....'.'hYy{h.........)..>#
#.....###.hy#####.##.......###
#...h ##### #....#####...#
#... ####.# #.### #$. ### #.#
/. #.# . #.# #.# #.#


You could see a sphinx (summoned), a yak, 5 hogs and 2 vampire mosquitoes.

Vanquished Creatures
  2 two-headed ogres (D:9)
  A cyclops (D:11)
  2 kobold demonologists
  2 unseen horrors (D:10)
  Grinder (D:3)
  A shadow (D:11)
  2 steam dragons
  Pargi (D:3)
  13 orc warriors
  3 sky beasts
  2 black bears
  3 ogres (D:6)
  15 centaurs
  3 ice beasts
  A kobold brigand (D:10)
  2 bullfrogs
  2 scorpions
  6 killer bees
  2 howler monkeys
  2 hounds
  2 gnoll boudas
  A sleepcap (D:5)
  4 iguanas
  An orc wizard (D:8)
  10 gnolls
  An adder (D:5)
  2 white imps (D:3)
  An ufetubus (D:6)
  A dart slug (D:2)
  2 worms
  33 orcs
  2 ball pythons
  2 bats
  2 endoplasms
  2 giant cockroaches (D:1)
  5 goblins
  2 hobgoblins
  4 jackals (D:2)
  7 kobolds
  3 quokkas
  3 frilled lizards
  3 rats (D:1)
159 creatures vanquished.

Vanquished Creatures (others)
  A centaur (D:11)
1 creature vanquished.

Grand Total: 160 creatures vanquished

Notes
Turn   | Place    | Note
-------+----------+-------------------------------------------
     0 | D:1      | Barill the Troll Berserker began the quest for the Orb.
     0 | D:1      | Reached XP level 1. HP: 22/22 MP: 0/0
   483 | D:1      | Reached XP level 2. HP: 29/29 MP: 1/1
  1053 | D:2      | Reached ** piety under Trog
  1065 | D:2      | Reached XP level 3. HP: 30/36 MP: 2/2
  1092 | D:2      | Found Omakan's General Store.
  1149 | D:2      | Bought a +0 spear for 33 gold pieces
  1309 | D:3      | Noticed Pargi
  1347 | D:3      | Killed Pargi
  1348 | D:3      | Reached XP level 4. HP: 29/45 MP: 3/3
  1400 | D:3      | Reached XP level 5. HP: 46/53 MP: 4/4
  1434 | D:3      | Noticed Grinder
  1434 | D:3      | Paralysed by Grinder for 5 turns
  1463 | D:3      | Paralysed by Grinder for 5 turns
  1477 | D:3      | Killed Grinder
  1478 | D:3      | Reached skill level 1 in Maces & Flails
  1478 | D:3      | Reached XP level 6. HP: 38/61 MP: 5/5
  1549 | D:3      | Found a stormy altar of Qazlal.
  1844 | D:4      | Reached XP level 7. HP: 67/67 MP: 6/6
  1880 | D:5      | Entered Level 5 of the Dungeon
  1939 | D:5      | Reached skill level 1 in Armour
  2217 | D:5      | Reached *** piety under Trog
  2363 | D:6      | Found Egup's Antique Weapon Emporium.
  2576 | D:6      | Reached XP level 8. HP: 74/78 MP: 7/7
  2598 | D:6      | Found a staircase to the Ecumenical Temple.
  2656 | D:6      | Reached skill level 5 in Polearms
  2661 | Temple   | Entered the Ecumenical Temple
  2904 | D:6      | Reached skill level 5 in Dodging
  3037 | D:7      | Reached XP level 9. HP: 64/85 MP: 8/8
  3047 | D:7      | Found a basalt altar of Yredelemnul.
  3049 | D:7      | Identified the +7 whip of Geloem {freeze, rF+ Str+4 Dex-5}
  3223 | D:7      | Found a sacrificial altar of Ru.
  3424 | D:9      | Reached skill level 1 in Stealth
  3583 | D:9      | Noticed a two-headed ogre
  3598 | D:9      | Killed a two-headed ogre
  3682 | D:9      | Noticed a two-headed ogre
  3694 | D:9      | Killed a two-headed ogre
  3695 | D:9      | Reached skill level 5 in Fighting
  3724 | D:9      | Identified the +6 quarterstaff of Fedhas's Castigation
                  | {heavy, *Rage rF+ Str+5}
  3747 | D:9      | Found a flagged portal.
  3756 | Bailey   | Entered a bailey
  3767 | Bailey   | Reached **** piety under Trog
  3791 | Bailey   | Reached XP level 10. HP: 96/96 MP: 9/9
  3918 | Bailey   | Reached skill level 1 in Evocations
  4233 | Bailey   | Reached skill level 5 in Maces & Flails
  4642 | D:10     | Entered Level 10 of the Dungeon
  5000 | D:11     | Found a shimmering altar of Xom.
  5001 | D:11     | Found a shimmering altar of Xom.
  5003 | D:11     | Found a shimmering altar of Xom.
  5003 | D:11     | Found a shimmering altar of Xom.
  5003 | D:11     | Found a shimmering altar of Xom.
  5005 | D:11     | Found a shimmering altar of Xom.
  5064 | D:11     | Noticed a cyclops
  5074 | D:11     | Killed a cyclops
  5074 | D:11     | Reached ***** piety under Trog
  5165 | D:11     | Noticed a rust devil
  5364 | D:12     | Gained mutation: Your magical capacity is low. (-10% MP) [a
                  | neqoxec]
  5368 | D:12     | Gained mutation: Your spells are a little easier to cast,
                  | but a little less powerful. [a neqoxec]
  5373 | D:12     | Noticed a soul eater
  5374 | D:12     | Reached XP level 11. HP: 107/107 MP: 8/8
  5416 | D:12     | Noticed Kirke
  5461 | D:12     | Noticed a sphinx
  5463 | D:12     | Slain by a sphinx

Illustrated notes

Levels and vault maps discovered:
D:1:      reono_arrival_mine, layout_basic, grunt_decor_fettered
D:2:      cheibrodos_fertilizer, layout_loops_ring, serial_shops, shop,
          wander_ebering_terrifying_dragon_lair
D:3:      cheibrodos_old_hovel, layout_rooms, nicolae_qazlal_general_emergency,
          st_stairs_13, minmay_crystal_room, uniq_grinder, uniq_pargi
D:4:      layout_rooms, kennysheep_orc_sif_temple, ebering_dispersal_statue_hall
D:5:      layout_layer_cave, kennysheep_potato, uniq_eustachio
D:6:      layout_cave_pods, minmay_temple_entry_trees, serial_shops, shop
D:7:      layout_gridville, zin_angel, nicolae_ru_path_of_blood,
          lemuel_crystal_altar
D:8:      minmay_the_grid_four_pointed_star
          [minmay_the_grid_triangle_9x9_limited_checkers,
          minmay_the_grid_triangle_9x9_negative_grid,
          minmay_the_grid_triangle_9x9_steps,
          minmay_the_grid_triangle_9x9_zippers_horizontal,
          minmay_the_grid_prize_four_corners], layout_basic, dpeg_lair_monsters,
          minmay_guarded_unrand_staff_of_olgreb, uniq_maurice
D:9:      layout_loops_corners, enter_bailey_6
D:10:     layout_loops_ring, mainiacjoe_overflow_swirl, serial_glass,
          glass_columns_a, glass_columns_a
D:11:     layout_loops_ring, david_orc_4, xom_redecorated
D:12:     layout_basic, drop_trap, nicolae_kite_square_tiling_tiny, uniq_kirke
Temple:   nicolae_temple_bog_church

Skill      XL: |  1  2  3  4  5  6  7  8  9 10 |
---------------+-------------------------------+-----
Fighting       | 3 4 5 6 |  6.4
Dodging        | 3 4 5 6 7 |  7.2
Maces & Flails | 1 4 5 |  5.8
Polearms       | 2 3 4 6 7 |  7.5
Armour         | 1 3 |  3.7
Stealth        | 1 |  1.9
Evocations     | 1 |  1.9
Axes           | |  0.8
Unarmed Combat | |  3.7

Action                     |  1- 3 |  4- 6 |  7- 9 | 10-12 || total
---------------------------+-------+-------+-------+-------++-------
  Melee: Unarmed           |    19 |       |       |    33 ||    52
         Whip              |    49 |       |    66 |   162 ||   277
         Spear             |    36 |    83 |   343 |       ||   462
         Punch             |     2 |     3 |    17 |     3 ||    25
         Giant spiked club |       |       |    10 |       ||    10
         Battleaxe         |       |       |     7 |       ||     7
         Glaive            |       |       |       |   123 ||   123
  Evoke: Wand              |       |     4 |    13 |     4 ||    21
    Use: Potion            |     1 |     2 |     5 |     1 ||     9
   Stab: Sleeping          |     1 |       |       |     1 ||     2
 Armour: Animal skin       |     3 |       |       |       ||     3
         Robe              |    41 |       |       |       ||    41
         Troll leather arm |       |    33 |    61 |       ||    94
         Steam dragon scal |       |       |    63 |    85 ||   148
  Dodge: Dodged            |    85 |   101 |   328 |   483 ||   997
